 Dungeon Crawl Stone Soup version 0.29.0-4-gdea44cf6ec (webtiles) character file.

Game seed: 14779769973723841656

119 qw the Chopper (level 4, -6/39 HPs)
             Began as a Minotaur Fighter on Sept 4, 2022.
             Was an Initiate of Ru.
             Mangled by a lemure (7 damage)
             ... led by Pikel
             ... on level 4 of the Dungeon.
             The game lasted 00:00:57 (2043 turns).

qw the Chopper (Minotaur Fighter)                   Turns: 2043, Time: 00:00:57

Health: -6/39      AC:  9    Str: 21 (22) XL:     4   Next: 73%
Magic:  3/3        EV:  6    Int:  5      God:    Ru [......]
Gold:   59         SH:  8    Dex:  8 (10) Spells: 3/3 levels left

rFire   . . .      SeeInvis .   Y - +0 war axe
rCold   . . .      Faith    .   k - +0 kite shield
rNeg    . . .      Spirit   .   a - +0 chain mail
rPois   .          Reflect  .   (helmet restricted)
rElec   .          Harm     .   (no cloak)
rCorr   .          Rampage  .   (no gloves)
Will    +....                   (no boots)
Stlth   ..........              e - amulet of the acrobat
HPRegen 0.13/turn               i - ring of willpower
MPRegen 0.08/turn               (no ring)

@: no status effects
A: horns 2, retaliatory headbutt
a: Renounce Religion


You were on level 4 of the Dungeon.
You worshipped Ru.
Ru was noncommittal.
You visited 1 branch of the dungeon, and saw 4 of its levels.

You collected 216 gold pieces.
You spent 157 gold pieces at shops.


Innate Abilities, Weirdness & Mutations

You have a pair of horns on your head.
You reflexively headbutt those who attack you in melee.


   Skills:
 - Level 3.6 Fighting
 + Level 5.5 Axes
 - Level 3.6 Armour
 - Level 4.4 Shields


You had 3 spell levels left.
You didn't know any spells.
Your spell library was empty.

Inventory:

Hand Weapons
 b - a +0 flail
 Y - a +0 war axe (weapon)
Armour
 a - a +0 chain mail (worn)
 k - a +0 kite shield (worn)
Jewellery
 e - an amulet of the acrobat (around neck)
 i - a ring of willpower (left hand)
Scrolls
 h - a scroll of teleportation
Potions
 d - a potion of might
 f - a potion of resistance {unknown}
 g - a potion of attraction {unknown}
 l - 2 potions of curing
 m - a potion of heal wounds
 n - a potion of lignification {unknown}

Dungeon Overview and Level Annotations

Branches:
Dungeon (4/15)
 Temple: D:4-7

Altars:
Ru

Shops:
D:3 ?![:=

Annotations:
D:1 1 runed translucent door
D:4 Pikel


Message History

Pikel is moderately wounded.
You closely miss the lemure. x2; You hit the lemure but do no damage.
The lemure hits you but does no damage. The lemure hits you!
Pikel says, "You'll make a fine lemure."
You block Pikel's attack.
You hit Pikel but do no damage.
Pikel is moderately wounded.
You barely miss the lemure. You hit the lemure.
You hit the lemure but do no damage. You block the lemure's attack.
Pikel says, "You'll feel the lick of my whip!"
You block Pikel's attack. The lemure hits you but does no damage.
The lemure hits you.
You closely miss Pikel.
Pikel is moderately wounded.
You hit the lemure. You barely miss the lemure. You closely miss the lemure.
You hit the lemure but do no damage. You block the lemure's attack.
The lemure closely misses you. You furiously retaliate!
You headbutt the lemure. You block the lemure's attack.
The lemure hits you but does no damage. Pikel barely misses you.
The lemure barely misses you. You furiously retaliate!
You headbutt the lemure! The lemure barely misses you.
Pikel hits you with a +2 whip of electrocution.
You block the lemure's attack. The lemure hits you but does no damage.
You hit the lemure.
The lemure is severely wounded.
You miss the lemure. You hit the lemure but do no damage. You miss the lemure.
You miss Pikel. The lemure hits you. The lemure hits you but does no damage.
You block the lemure's attack. Pikel closely misses you.
You furiously retaliate!
You headbutt Pikel, but do no damage. The lemure hits you.
You closely miss the lemure. You headbutt the lemure!
The lemure is almost dead.
You closely miss the lemure. You closely miss Pikel.
You closely miss the lemure. You barely miss the lemure. The lemure hits you.
The lemure hits you but does no damage.
Pikel hits you with a +2 whip of electrocution.
You block the lemure's attack. The lemure hits you!
You die...

.[.......###....#....#
..........#.....>....#
.......#......... ...
.......#....#... ..#
.......#...##..# ##.# #
...........###.###..# ..
#..........%..>.....## ...
....$..[K55..#..##...# #..
.......#5@5..##.###..###..
....#..##.####..##........
.K. #.. ### ##...........
. ... ##.#........ ##K.
#........... ..5
#...........# ...
...........<.
.............
............#


You could see Pikel and 4 lemures.

Vanquished Creatures
  A jelly (D:4)
  3 adders (D:2)
  A dart slug (D:3)
  8 orcs
  3 bats
  8 endoplasms
  2 giant cockroaches
  A goblin (D:1)
  A hobgoblin (D:4)
  5 kobolds
  2 quokkas
  7 ball pythons
  4 rats
46 creatures vanquished.

Vanquished Creatures (others)
  A plant (D:1)
1 creature vanquished.

Grand Total: 47 creatures vanquished

Notes
Turn   | Place    | Note
-------+----------+-------------------------------------------
     0 | D:1      | qw the Minotaur Fighter began the quest for the Orb.
     0 | D:1      | Reached XP level 1. HP: 19/19 MP: 0/0
     0 | D:1      | 0 ||| qw: Version: 0.1-a-103-gd6f5d3a
     0 | D:1      | 0 ||| qw: Game counter: 5715
     0 | D:1      | 0 ||| qw: Always use a shield: true
     0 | D:1      | 0 ||| qw: God list: Ru
     0 | D:1      | 0 ||| qw: Allow faded altars: false
     0 | D:1      | 0 ||| qw: Do Orc after D:15 true
     0 | D:1      | 0 ||| qw: Do second Lair branch before Depths: true
     0 | D:1      | 0 ||| qw: Lair rune preference: random
     0 | D:1      | 0 ||| qw: Plans: Normal
     0 | D:1      | 0 ||| PLANNING D:1-11
     1 | D:1      | Found a runed translucent door.
   160 | D:1      | Reached skill level 3 in Axes
   379 | D:1      | Reached XP level 2. HP: 26/26 MP: 1/1
   656 | D:1      | 656 ||| UPGRADING to amulet of the acrobat.
   661 | D:1      | 661 ||| READING scroll labelled MOASEI NENAQI.
   761 | D:2      | Reached skill level 4 in Axes
   761 | D:2      | Reached XP level 3. HP: 31/31 MP: 2/2
   774 | D:2      | 774 ||| Stepping ~*~*~tactically~*~*~ (stealth).
   830 | D:2      | Found a faded altar of an unknown god.
  1054 | D:2      | You fall into a shaft and drop 1 floor!
  1055 | D:3      | 1055 ||| DROPPING amulet of faith.
  1056 | D:3      | 1056 ||| UPGRADING to ring of willpower.
  1057 | D:3      | 1057 ||| READING scroll labelled WIEGRIS WISHAI.
  1058 | D:3      | 1058 ||| READING scroll labelled IPHOTU ABBOKOA.
  1059 | D:3      | 1059 ||| DRINKING 2 ruby potions.
  1060 | D:3      | 1060 ||| DROPPING potion of degeneration.
  1061 | D:3      | 1061 ||| Stepping randomly (stuck).
  1062 | D:3      | 1062 ||| Stepping ~*~*~tactically~*~*~ (cloud).
  1308 | D:3      | 1308 ||| STAIRDANCE
  1313 | D:3      | 1313 ||| STAIRDANCE
  1345 | D:2      | 1345 ||| UPGRADING to +0 chain mail.
  1355 | D:2      | 1355 ||| DROPPING +0 scale mail.
  1359 | D:3      | 1359 ||| STAIRDANCE
  1363 | D:2      | Reached skill level 5 in Axes
  1408 | D:3      | 1408 ||| DROPPING +0 club.
  1420 | D:3      | 1420 ||| Stepping ~*~*~tactically~*~*~ (stealth).
  1442 | D:3      | Reached XP level 4. HP: 39/39 MP: 3/3
  1442 | D:3      | Found Ralauhip's Armour Boutique.
  1469 | D:3      | Found Xujax's Distillery.
  1470 | D:3      | 1470 ||| BUYING +0 kite shield (45 gold).
  1470 | D:3      | Bought a +0 kite shield for 45 gold pieces
  1470 | D:3      | 1470 ||| SHOPLISTING +2 pair of gloves of dexterity (215
                  | gold, have 125).
  1470 | D:3      | 1470 ||| SHOPLISTING +3 ring mail of fire resistance (260
                  | gold, have 125).
  1476 | D:3      | Found Vonow's Magic Scroll Boutique.
  1478 | D:3      | 1478 ||| BUYING potion of curing (42 gold).
  1478 | D:3      | Bought a potion of curing for 42 gold pieces
  1478 | D:3      | 1478 ||| SHOPLISTING potion of haste (140 gold, have 83).
  1478 | D:3      | 1478 ||| BUYING potion of heal wounds (70 gold).
  1478 | D:3      | Bought a potion of heal wounds for 70 gold pieces
  1508 | D:3      | 1508 ||| SHOPLISTING scroll of enchant weapon (82 gold,
                  | have 21).
  1508 | D:3      | 1508 ||| SHOPLISTING scroll of identify (22 gold, have 21).
  1508 | D:3      | 1508 ||| SHOPLISTING scroll of teleportation (33 gold, have
                  | 21).
  1555 | D:3      | 1555 ||| Stepping ~*~*~tactically~*~*~ (stealth).
  1556 | D:3      | 1556 ||| Stepping ~*~*~tactically~*~*~ (stealth).
  1636 | D:3      | Found Toemilug's Book Boutique.
  1682 | D:3      | Found Deumo's Jewellery Shop.
  1689 | D:3      | 1689 ||| SHOPLISTING +6 ring of dexterity (468 gold, have
                  | 35).
  1689 | D:3      | 1689 ||| SHOPLISTING amulet of reflection (390 gold, have
                  | 35).
  1689 | D:3      | 1689 ||| SHOPLISTING amulet of regeneration (390 gold, have
                  | 35).
  1689 | D:3      | 1689 ||| SHOPLISTING ring of fire (325 gold, have 35).
  1689 | D:3      | 1689 ||| SHOPLISTING ring of the Chupacabra {Fire Int+5}
                  | (552 gold, have 35).
  1689 | D:3      | 1689 ||| SHOPLISTING ring of the Hare {EV+8} (1664 gold,
                  | have 35).
  1754 | D:3      | 1754 ||| Stepping ~*~*~tactically~*~*~ (hiding).
  1870 | D:3      | Found a sacrificial altar of Ru.
  1878 | D:3      | Became a worshipper of Ru the Awakened
  1929 | D:3      | 1929 ||| UPGRADING to +0 kite shield.
  1939 | D:3      | 1939 ||| DROPPING +0 buckler.
  1940 | D:3      | 1940 ||| READING 2 scrolls labelled BOVVIO QYCYNN.
  1944 | D:3      | 1944 ||| READING scroll labelled DAUFIOFOAME.
  1945 | D:3      | 1945 ||| DRINKING 2 coppery potions.
  1946 | D:3      | 1946 ||| DROPPING potion of flight.
  2029 | D:4      | Noticed Pikel
  2029 | D:4      | Noticed a lemure
  2029 | D:4      | Noticed a lemure
  2029 | D:4      | Noticed a lemure
  2029 | D:4      | Noticed a lemure
  2030 | D:4      | 2030 ||| Stepping ~*~*~tactically~*~*~ (stealth).
  2033 | D:4      | 2033 ||| Stepping ~*~*~tactically~*~*~ (stealth).
  2043 | D:4      | HP: 6/39 [lemure[Pikel] (5)]
  2043 | D:4      | HP: 1/39 [Pikel/+2 whip of electrocution (5)]
  2043 | D:4      | Mangled by a lemure

Levels and vault maps discovered:
D:1:      dpeg_arrival_caged_fury, layout_rooms, serial_forest,
          infiniplex_forest_clump_tiny, infiniplex_forest_fountain,
          infiniplex_forest_straight_3, infiniplex_forest_clump_cross,
          infiniplex_forest_clump_double, infiniplex_forest_clump_diagonal,
          infiniplex_forest_3_way, infiniplex_forest_clump_C,
          infiniplex_forest_lined_3, hex_intersection
D:2:      layout_basic, shapermc_ecumenical_altar_rom_forum,
          minmay_tetromino_i4, uniq_crazy_yiuf_cottage
D:3:      layout_rooms, nicolae_ru_path_of_blood, serial_shops,
          nicolae_shop_waterfront, nicolae_shop_advertising_works
          [nicolae_subvault_shop_adworks], shop, shop, shop_statue,
          corexii_corridor_pit
D:4:      layout_cave_pools, uniq_menkaure, uniq_pikel, uniq_natasha,
          uniq_grinder

Skill      XL: |  1  2  3  4 |
---------------+-------------+-----
Axes           | 3 4 5 |  5.5
Shields        | 4 |  4.4
Fighting       | |  3.6
Armour         | |  3.6

Action                   |  1- 3 |  4- 6 || total
-------------------------+-------+-------++-------
Melee: War axe           |    60 |    43 ||   103
       Headbutt          |    10 |     6 ||    16
  Use: Scroll            |     3 |     2 ||     5
       Potion            |     1 |     1 ||     2
Armor: Scale mail        |    13 |       ||    13
       Chain mail        |     6 |    22 ||    28
Dodge: Dodged            |    28 |    20 ||    48
Block: Buckler           |    16 |     4 ||    20
       Kite shield       |       |    18 ||    18

Table legend:
 A = Non-vault XP
 B = Vault XP
 C = Vault XP percentage of total XP
 D = Non-vault monster count
 E = Vault monster count
 F = Vault count percentage of total count
                 A         B        C        D         E       F
            +---------+---------+-------+---------+---------+-------
      Total |     168 |       2 |   1.2 |      45 |       1 |   2.2
            +---------+---------+-------+---------+---------+-------
        D:1 |      16 |       0 |   0.0 |       9 |       0 |   0.0
        D:2 |      69 |       2 |   2.8 |      18 |       1 |   5.3
        D:3 |      32 |       0 |   0.0 |      14 |       0 |   0.0
        D:4 |      51 |       0 |   0.0 |       4 |       0 |   0.0
            +---------+---------+-------+---------+---------+-------
